 Dungeon Crawl Stone Soup version 0.28.0-47-ge53b351184 (webtiles) character file.

Game seed: 852625806226136657

338 101zpm the Magician (level 6, -3/40 HPs)
             Began as a Djinni Fire Elementalist on Apr 30, 2022.
             Was an Initiate of Cheibriados.
             Slain by an ice beast (18 damage)
             ... on level 4 of the Dungeon.
             The game lasted 00:05:54 (6440 turns).

101zpm the Magician (Djinni Fire Elementalist)      Turns: 6440, Time: 00:05:55

Health: -3/40      AC:  2    Str:  8    XL:     6   Next: 86%
Gold:   167        EV: 12    Int: 19    God:    Cheibriados [......] SH:  0 Dex: 15

rFire   + + .      SeeInvis .   (no weapon)
rCold   x . .      Faith    .   (no shield)
rNeg    . . .      Spirit   .   a - +0 robe
rPois   ∞          Reflect  .   (no helmet)
rElec   .          Harm     .   (no cloak)
rCorr   .          Rampage  .   (no gloves)
Will    .....                   (boots unavailable)
Stlth   ++........              (no amulet)
HPRegen 0.13/turn               (no ring)
MPRegen 0.00/turn               (no ring)

@: flying, very slow
A: sickness immunity, fire resistance 2, cold vulnerability 1, float, innate
caster, HP casting, extra vitality 1
a: Renounce Religion


You were on level 4 of the Dungeon.
You worshipped Cheibriados.
Cheibriados was noncommittal.
You visited 1 branch of the dungeon, and saw 4 of its levels.

You collected 167 gold pieces.

Inventory:

Armour
 a - a +0 robe (worn)
Jewellery
 h - an amulet of the acrobat
Scrolls
 b - a scroll of immolation {unknown}
 c - a scroll of summoning {unknown}
 d - 7 scrolls of identify {unknown}
 e - a scroll of torment {unknown}
 i - a scroll of fear {unknown}
 m - a scroll of blinking {unknown}
Potions
 f - a potion of lignification {unknown}
 g - a potion of degeneration {unknown}
 j - a potion of haste {unknown}
 k - a potion of mutation {unknown}
 l - a potion of might {unknown}


   Skills:
 + Level 2.5 Dodging
 + Level 2.6 Stealth
 + Level 0.5 Unarmed Combat
 + Level 5.0 Spellcasting


You couldn't memorise any spells.
You knew the following spells:

 Your Spells              Type           Power      Damage    Failure   Level
a - Foxfire               Conj/Fire      92%        2x1d8     1%          1
b - Scorch                Fire           46%        2d7       2%          2
c - Conjure Flame         Conj/Fire      23%        6-21      4%          3
d - Inner Flame           Hex/Fire       23%        N/A       4%          3
e - Flame Wave            Conj/Fire      23%        2d7       16%         4
f - Sandblast             Erth           46%        2d11      1%          1
g - Corpse Rot            Necr/Air       46%        N/A       2%          2
Your spell library was empty.

Dungeon Overview and Level Annotations

Branches:
Dungeon (4/15)
 Temple: D:4-7

Altars:
Cheibriados
Dithmenos
Fedhas
Gozag
Ru
Vehumet
The Shining One


Innate Abilities, Weirdness & Mutations

You are immune to sickness and miasma.
You are immune to poison.
Your flesh is very heat resistant. (rF++)
You are vulnerable to cold. (rC-)
You float through the air rather than walking.
You learn spells naturally, not from books.
Your magical power is your life essence.
You have superior vitality. (+4 MHP)


Message History

Aiming: Inner Flame (dangerous; 4% risk of failure)
Press: ? - help, Dir - move target, f - ice beast
Aim: an ice beast (wandering, hasn't noticed you, chance to affect: 78%)
Okay, then.
Unknown command.
Casting: Inner Flame (dangerous; 4% risk of failure)
Confirm with . or Enter, or press ? or * to list all spells.
Aiming: Inner Flame (dangerous; 4% risk of failure)
Press: ? - help, Dir - move target, f - ice beast
Aim: an ice beast (wandering, hasn't noticed you, chance to affect: 78%)
The ice beast is filled with an inner flame.
Casting: Foxfire (safe; 1% risk of failure)
Press: ? - help, Q - select action, (/) - cycle Dir - look around, f - activate You conjure some foxfire!
Casting: Foxfire (safe; 1% risk of failure)
Press: ? - help, Q - select action, (/) - cycle Dir - look around, f - activate You conjure some foxfire!
The foxfire hits the ice beast but does no damage. x2
The ice beast barely misses you.
The foxfire hits the ice beast.
The ice beast melts!
Flame seeps out of the ice beast.
The ice beast is lightly wounded.
The foxfire hits the ice beast!
The ice beast melts!
Flame seeps out of the ice beast.
The ice beast is moderately wounded.
The ice beast is engulfed in blazing flames.
Flame seeps out of the ice beast.
Casting: Foxfire (safe; 1% risk of failure)
Press: ? - help, Q - select action, (/) - cycle Dir - look around, f - activate You conjure some foxfire!
The ice beast barely misses you.
Your foxfire dissipates!
The foxfire hits the ice beast but does no damage.
The ice beast is almost dead.
The ice beast barely misses you.
Casting: Foxfire (safe; 1% risk of failure)
Press: ? - help, Q - select action, (/) - cycle Dir - look around, f - activate You conjure some foxfire!
The ice beast hits you. The ice beast freezes you!!
You feel a terrible chill!
You die...

#......#..#
###....###....
#......#..## ##...#.##
.#.. ####>###...#
#.......###.#.# #.#
#...####...###.....# .
#.# #..###...#####.....##
#.###......#.# #.......#
#.##......##.# #.......#
#.##..###v.#.## #.......#
#..###@....# ##.....## #
#....Yv###.###<(.....#
#..#...###..............#
#....## ####.#.#.......##
##.### #.#..........# #.
#.#####....... .. #..
#######. ... ### ## ...


You could see an ice beast (inner flame, ally target).

Vanquished Creatures
  A necrophage (D:4)
  2 orc priests (D:3)
  An iguana (D:3)
  An orc wizard (D:3)
  5 adders (D:3)
  An ufetubus (D:4)
  An adder skeleton (D:4)
  2 worms
  2 dart slugs
  3 orcs
  7 ball pythons
  10 bats
  5 endoplasms
  3 giant cockroaches
  4 goblins
  6 hobgoblins
  4 jackals (D:3)
  4 kobolds
  4 quokkas
  8 frilled lizards
  6 rats
80 creatures vanquished.

Vanquished Creatures (others)
  484 foxfires
484 creatures vanquished.

Grand Total: 564 creatures vanquished

Notes
Turn   | Place    | Note
-------+----------+-------------------------------------------
     0 | D:1      | 101zpm the Djinni Fire Elementalist began the quest for the
                  | Orb.
     0 | D:1      | Reached XP level 1. HP: 15/15 MP: 0/0
   167 | D:1      | Found a faded altar of an unknown god.
   183 | D:1      | Reached XP level 2. HP: 17/21 MP: 0/0
  1248 | D:1      | Reached skill level 3 in Spellcasting
  1248 | D:1      | Reached XP level 3. HP: 23/25 MP: 0/0
  1248 | D:1      | Learned a level 1 spell: Sandblast
  3373 | D:2      | Reached XP level 4. HP: 15/31 MP: 0/0
  4306 | D:3      | Reached XP level 5. HP: 15/35 MP: 0/0
  4306 | D:3      | Learned a level 2 spell: Corpse Rot
  4558 | D:3      | Reached skill level 4 in Spellcasting
  5113 | D:3      | Reached XP level 6. HP: 29/40 MP: 0/0
  5845 | D:3      | Found a snail-covered altar of Cheibriados.
  5851 | D:3      | Found a shadowy altar of Dithmenos.
  5851 | D:3      | Found an opulent altar of Gozag.
  5853 | D:3      | Found a glowing golden altar of the Shining One.
  5855 | D:3      | Found a sacrificial altar of Ru.
  5856 | D:3      | Found a blossoming altar of Fedhas.
  5865 | D:3      | Became a worshipper of Cheibriados the Contemplative
  6322 | D:4      | Noticed a necrophage
  6329 | D:4      | Killed a necrophage
  6330 | D:4      | Reached skill level 5 in Spellcasting
  6432 | D:4      | Noticed an ice beast
  6440 | D:4      | Slain by an ice beast

Illustrated notes

Levels and vault maps discovered:
D:1:      sevenhm_arrival_forest_fort_small_3, layout_loops_ring,
          nicolae_ecumenical_snake_handling, chequers_decorated_corner
D:2:      layout_loops_cross
D:3:      layout_loops_ring, minitemple, minmay_randomly_rotated_circles
D:4:      layout_rooms, worldfamousw_hep_ancestral_shrine

Skill      XL: |  1  2  3  4  5  6 |
---------------+-------------------+-----
Spellcasting   | 3 4 5 |  5.0
Stealth        | 2 |  2.6
Dodging        | |  2.5
Unarmed Combat | |  0.5

Action                   |  1- 3 |  4- 6 || total
-------------------------+-------+-------++-------
Melee: Unarmed           |       |     7 ||     7
 Cast: Foxfire           |   205 |   133 ||   338
       Inner Flame       |       |    10 ||    10
       Scorch            |       |     1 ||     1
Armor: Robe              |     3 |     1 ||     4
Dodge: Dodged            |     5 |    10 ||    15
